 Dungeon Crawl Stone Soup version 0.28-a0-1513-ge4f4046303 (webtiles) character file.

Game seed: 3504455915455457757

8729 WasteTime the Frost Mage (level 11, -29/82 HPs)
             Began as a Barachi Ice Elementalist on Jan 16, 2022.
             Was a Believer of Sif Muna.
             Shot with a bolt by a yaktaur (36 damage)
             ... on level 10 of the Dungeon.
             The game lasted 00:44:09 (14113 turns).

WasteTime the Frost Mage (BaIE)                    Turns: 14113, Time: 00:44:09

Health: -29/82     AC:  6    Str: 17    XL:     11   Next: 35%
Magic:  5/18       EV: 13    Int: 19    God:    Sif Muna [**....]
Gold:   415        SH:  5    Dex: 12    Spells: 3/20 levels left

rFire   . . .      SeeInvis .   G - +7 trident "Xousiru" {vorpal, rN+}
rCold   + . .      Faith    .   (no shield)
rNeg    + . .      Spirit   .   r - +1 leather armour {rC+}
rPois   .          Reflect  +   C - +1 hat
rElec   .          Harm     .   F - +0 cloak {Will+}
rCorr   .          Rampage  .   (no gloves)
Will    +....                   (no boots)
Stlth   ++........              d - amulet of reflection
HPRegen 0.23/turn               A - +6 ring of strength
MPRegen 0.16/turn               (no ring)

@: unable to hop, slow
A: amphibious, slowness 1, strong legs 1, +LOS, MP-powered wands
a: Hop, Renounce Religion, Channel Magic


You were on level 10 of the Dungeon.
You worshipped Sif Muna.
Sif Muna was pleased with you.
You visited 2 branches of the dungeon, and saw 11 of its levels.

You collected 415 gold pieces.

Inventory:

Hand Weapons
 i - a +2 vorpal hunting sling
 l - a +3 rapier of electrocution
 s - a +1 war axe of flaming
 G - the +7 trident "Xousiru" (weapon) {vorpal, rN+}
   (You found it on level 10 of the Dungeon)

   It inflicts extra damage upon your enemies.
   rN:        It protects you from negative energy.
 H - a +4 vorpal broad axe
Missiles
 f - 200 stones
 n - 30 poisoned darts
 u - 6 javelins
 x - 4 boomerangs
 z - 5 silver javelins
Armour
 r - a +1 leather armour of cold resistance (worn)
 C - a +1 hat (worn)
 F - a +0 cloak of willpower (worn)
 J - a +0 robe of fire resistance
Magical Staves
 g - a staff of death
Jewellery
 d - an amulet of reflection (around neck)
 e - an amulet of regeneration
 A - a +6 ring of strength (left hand)
Wands
 b - a wand of digging (14)
 v - a wand of iceblast (3)
 D - a wand of flame (29)
 E - a wand of charming (9)
Scrolls
 c - 3 scrolls of fear
 m - 2 scrolls of immolation {unknown}
 q - a scroll of magic mapping
 t - a scroll of noise {unknown}
 y - a scroll of enchant weapon {unknown}
 B - a scroll of holy word {unknown}
 I - 2 scrolls of identify
 L - a scroll of teleportation {unknown}
Potions
 a - a potion of brilliance
 h - 5 potions of attraction
 j - 2 potions of lignification
 k - a potion of mutation
 o - a potion of haste
 p - a potion of flight {unknown}
 w - 2 potions of degeneration {unknown}
 K - a potion of curing


   Skills:
 + Level 6.3 Fighting
 - Level 5.0 Armour
 - Level 5.0 Dodging
 - Level 3.0 Stealth
 - Level 5.0 Spellcasting
 - Level 7.0 Conjurations
 + Level 7.8 Fire Magic
 - Level 12.0 Ice Magic
 + Level 4.1 Invocations
 - Level 3.0 Evocations


You had 3 spell levels left.
You knew the following spells:

 Your Spells              Type           Power      Damage    Failure   Level
a - Freeze                Ice            100%       1d11      1%          1
b - Frozen Ramparts       Ice            100%       1d12      1%          3
c - Ozocubu's Armour      Ice            50%        N/A       1%          3
d - Hailstorm             Conj/Ice       40%        3d10      3%          4
e - Flame Wave            Conj/Fire      33%        2d7       7%          4
f - Searing Ray           Conj           62%        2d6       1%          2

Your spell library contained the following spells:

 Spells                   Type           Power      Damage    Failure   Level
 Foxfire                  Conj/Fire      100%       2x1d9     1%          1
 Magic Dart               Conj           100%       1d8       1%          1
 Conjure Flame            Conj/Fire      33%        6-21      1%          3
 Inner Flame              Hex/Fire       19%        N/A       9%          3
 Gell's Gravitas          Tloc           4%         N/A       41%         3
 Teleport Other           Tloc           4%         N/A       41%         3
 Fulminant Prism          Conj/Hex       9%         3d7       34%         4
 Dispersal                Tloc           2%         N/A       100%        6


Dungeon Overview and Level Annotations

Branches:
Dungeon (10/15)            Temple (1/1) D:4
   Lair: D:8-11         Orc: D:9-12

Altars:
Ashenzari
Cheibriados
Dithmenos
Elyvilon
Fedhas
Gozag
Hepliaklqana
Makhleb
Nemelex Xobeh
Okawaru
Qazlal
Ru
Sif Muna
Trog
Uskayaw
Vehumet
Wu Jian
Xom
Yredelemnul
Zin
The Shining One

Shops:
D:1 [   D:6 =   D:9 (


Innate Abilities, Weirdness & Mutations

You are amphibious.
You cover ground slowly.
You can hop short distances.
You have an extended range of vision and can be seen from far away.
You expend magic power (3 MP) to strengthen your wands.


Message History

The flame wave engulfs the orc warrior but does no damage.
The orc warrior is severely wounded. (Press . to intensify the flame waves.)
You hear a shout! x2
A yaktaur comes into view.
The wall freezes the orc warrior!
You kill the orc warrior!
Sif Muna accepts your kill.
The wall freezes the orc warrior.
You kill the orc warrior!
Sif Muna accepts your kill.
An orc comes into view. It is wielding a +0 dagger.
A wave of flame ripples out!
The flame wave engulfs something.
Sif Muna accepts your kill.
Reactivating autopickup.
You feel a bit more experienced.
The wall freezes the orc!
You kill the orc!
Sif Muna accepts your kill.
The yaktaur wields a +0 arbalest.
The yaktaur shoots a bolt.
The bolt closely misses you.
The yaktaur wields a +0 arbalest.
The yaktaur shoots a bolt.
The bolt closely misses you.
You hear a shout!
A wave of flame ripples out!
You finish channelling waves of flame.
The frozen ramparts melt away.
An orc comes into view.
It is wielding a +0 whip and quivering silver boomerangs.
A centaur comes into view. It is wielding a +0 club.
The yaktaur shoots a bolt.
The bolt hits you!!
You hear a shout!
You hear two shouts!
A yaktaur comes into view.
An orc wizard comes into view. It is wielding a +0 dagger.
Hop to where?
Press: ? - help, Dir - move target Boing!
The yaktaur shoots a bolt.
The bolt hits you!!
* * * LOW HITPOINT WARNING * * *
The yaktaur shoots a bolt.
The bolt closely misses you.
The orc wizard moves out of view.
Okay, then.
Okay, then.
The yaktaur shoots a bolt.
The bolt hits you!!!
You die...

#....................
#...........#........
#..........####+#####
#..........#
###'######## #>##
#†.# ##.#### #
#.@)..######Tc.#
#.....○..)co...#
#.....####c#oc(#
#.....# # # #(....#
#.....# #.....#
####.## ..#


You could see 2 yaktaurs.

Vanquished Creatures
  Josephine (D:10)
  A two-headed ogre (D:9)
  Urug (D:10)
  Maurice (D:8)
  A komodo dragon (D:6)
  2 trolls
  A hornet (D:10)
  Sigmund (D:3)
  4 wraiths
  6 yaks (D:8)
  2 vampire mosquitoes (D:10)
  Duvessa (D:5)
  2 water moccasins (D:6)
  6 orc warriors
  3 sky beasts
  3 necrophages
  An ice beast (D:8)
  2 centaurs (D:10)
  A phantom (D:6)
  3 kobold brigands
  2 scorpions
  2 bullfrogs
  Dowan (D:5)
  4 killer bees (D:9)
  5 wights (D:8)
  A howler monkey (D:4)
  2 centaur zombies
  Crazy Yiuf (D:3)
  3 hounds
  A gnoll shaman (D:4)
  4 orc priests
  2 iguanas
  Natasha (twice) (D:2)
  9 orc wizards
  A howler monkey skeleton (D:4)
  8 gnolls
  7 adders
  A shadow imp (D:5)
  An adder skeleton (D:4)
  A worm (D:2)
  3 dart slugs
  31 orcs
  12 ball pythons
  6 endoplasms
  2 giant cockroaches (D:3)
  7 goblins
  10 hobgoblins
  3 jackals (D:2)
  22 kobolds
  A quokka (D:1)
  5 bats
  A frilled lizard (D:1)
  2 rats
206 creatures vanquished.

Vanquished Creatures (collateral kills)
  A kobold (D:10)
1 creature vanquished.

Grand Total: 207 creatures vanquished

Notes
Turn   | Place    | Note
-------+----------+-------------------------------------------
     0 | D:1      | WasteTime the Barachi Ice Elementalist began the quest for
                  | the Orb.
     0 | D:1      | Reached XP level 1. HP: 13/13 MP: 3/3
    28 | D:1      | Reached skill level 5 in Ice Magic
    58 | D:1      | Reached XP level 2. HP: 6/19 MP: 0/5
   892 | D:1      | Reached XP level 3. HP: 21/24 MP: 4/6
   936 | D:1      | Learned a level 3 spell: Frozen Ramparts
  1201 | D:1      | Found Xuev Uca's Antique Armour Shoppe.
  1214 | D:1      | Reached skill level 6 in Ice Magic
  1431 | D:2      | Found a faded altar of an unknown god.
  1827 | D:2      | Noticed Natasha
  1831 | D:2      | Killed Natasha
  1832 | D:2      | Reached XP level 4. HP: 22/30 MP: 2/7
  1836 | D:2      | Learned a level 3 spell: Ozocubu's Armour
  1915 | D:2      | Found a stormy altar of Qazlal.
  2401 | D:2      | Noticed Natasha
  2415 | D:2      | Killed Natasha
  2416 | D:2      | Reached skill level 7 in Ice Magic
  2856 | D:2      | Reached XP level 5. HP: 30/35 MP: 5/9
  3010 | D:3      | Noticed Sigmund
  3027 | D:3      | Gained mutation: You expend magic power (3 MP) to
                  | strengthen your wands. [potion of mutation]
  3027 | D:3      | Killed Sigmund
  3028 | D:3      | Reached XP level 6. HP: 9/41 MP: 1/11
  3315 | D:3      | Reached skill level 8 in Ice Magic
  3595 | D:3      | Learned a level 4 spell: Hailstorm
  3924 | D:3      | Reached skill level 1 in Conjurations
  4260 | D:3      | Found a runed translucent door.
  4261 | D:3      | Noticed Crazy Yiuf
  4338 | D:3      | Reached XP level 7. HP: 37/46 MP: 2/13
  4486 | D:3      | Killed Crazy Yiuf
  5144 | D:4      | Found a staircase to the Ecumenical Temple.
  5177 | Temple   | Entered the Ecumenical Temple
  5506 | Temple   | Became a worshipper of Sif Muna the Loreminder
  6043 | D:5      | Entered Level 5 of the Dungeon
  6052 | D:4      | Reached skill level 5 in Spellcasting
  6281 | D:5      | Reached skill level 9 in Ice Magic
  6281 | D:5      | Reached skill level 1 in Armour
  6367 | D:5      | Reached XP level 8. HP: 25/52 MP: 6/15
  6643 | D:5      | Noticed Duvessa
  6643 | D:5      | Noticed Dowan
  7018 | D:5      | Killed Duvessa
  7339 | D:5      | Killed Dowan
  7340 | D:5      | Reached skill level 5 in Conjurations
  7515 | D:5      | Reached skill level 1 in Fighting
  7777 | D:5      | Learned a level 4 spell: Flame Wave
  8347 | D:6      | Found Jarchimou's Jewellery Emporium.
  8349 | D:6      | Noticed a komodo dragon
  8356 | D:6      | Killed a komodo dragon
  8357 | D:6      | Reached XP level 9. HP: 63/63 MP: 4/16
  8411 | D:6      | Reached * piety under Sif Muna
  8511 | D:6      | Learned a level 2 spell: Searing Ray
  8524 | D:6      | Found a bloodstained altar of Trog.
  8541 | D:6      | You fall into a shaft and drop 3 floors!
  8601 | D:9      | Reached skill level 10 in Ice Magic
  9664 | D:8      | Reached skill level 11 in Ice Magic
  9767 | D:8      | Reached skill level 12 in Ice Magic
  9767 | D:8      | Reached skill level 1 in Fire Magic
  9894 | D:8      | Noticed Maurice
  9901 | D:8      | Killed Maurice
  9902 | D:8      | Reached XP level 10. HP: 70/70 MP: 6/17
 10159 | D:8      | Reached skill level 5 in Dodging
 10713 | D:8      | Reached skill level 5 in Fire Magic
 10923 | D:8      | Reached skill level 1 in Invocations
 11633 | D:6      | Found a glowing golden altar of the Shining One.
 11703 | D:6      | Found a radiant altar of Vehumet.
 12044 | D:9      | Reached ** piety under Sif Muna
 12125 | D:9      | Noticed a two-headed ogre
 12139 | D:9      | Killed a two-headed ogre
 12339 | D:9      | Found Urrecen's Antique Weapon Shop.
 12488 | D:9      | Reached skill level 5 in Armour
 12570 | D:10     | Entered Level 10 of the Dungeon
 12641 | D:10     | Identified the +7 trident "Xousiru" {vorpal, rN+}
 12662 | D:10     | Reached skill level 1 in Evocations
 12709 | D:10     | Noticed Josephine
 12768 | D:10     | Killed Josephine
 12770 | D:10     | Reached XP level 11. HP: 65/78 MP: 6/18
 12775 | D:10     | Reached skill level 5 in Fighting
 13740 | D:10     | Noticed Urug
 13748 | D:10     | Killed Urug
 14113 | D:10     | Shot with a bolt by a yaktaur

Illustrated notes

Levels and vault maps discovered:
D:1:      scummos_arrival_star, layout_basic, serial_shops, shop_statue,
          minmay_misc_feat_x, lemuel_another_geyser
D:2:      layout_loops_corners, dreamdust_ecumenical_altar_drowned_temple,
          basic_altar, uniq_natasha
D:3:      layout_loops_ring, uniq_sigmund, uniq_crazy_yiuf_cottage
D:4:      layout_cave_pools, minmay_temple_entry_sparse_star
D:5:      layout_rooms, corexii_checkpoint_b, uniq_duvessa
D:6:      cheibrodos_quashed, layout_loops_ring, mainiacjoe_overflow_swirl,
          pf_just_have_faith, serial_shops, shop, abandoned_shop,
          minmay_misc_feat_more_columns
D:7:      layout_layer_cave
D:8:      layout_loops_ring, kennysheep_generic_room_2, uniq_maurice
D:9:      layout_irregular_city, serial_shops, shop, minmay_misc_feat_tiny,
          patterned_corridor
D:10:     layout_roguey, lemuel_mausoleum_altar_kikubaaqudgha,
          mrwooster_statue_mirror, grunt_potential, uniq_urug, uniq_josephine,
          uniq_erolcha
Temple:   dpeg_five_rooms_temple

Skill      XL: |  1  2  3  4  5  6  7  8  9 10 11 |
---------------+----------------------------------+-----
Ice Magic      | 5 6 7 8 9 12 | 12.0
Spellcasting   | 3 4 5 |  5.0
Conjurations   | 1 3 6 7 |  7.0
Armour         | 2 3 5 |  5.0
Fighting       | 3 4 6 |  6.3
Fire Magic     | 3 7 |  7.8
Dodging        | 4 5 |  5.0
Stealth        | 3 |  3.0
Invocations    | 3 4 |  4.1
Evocations     | 2 3 |  3.0

Action                   |  1- 3 |  4- 6 |  7- 9 | 10-12 || total
-------------------------+-------+-------+-------+-------++-------
Melee: Unarmed           |     7 |       |       |       ||     7
       Punch             |     1 |     1 |       |       ||     2
       Dagger            |     4 |    31 |     7 |       ||    42
       War axe           |       |       |    35 |       ||    35
       Rapier            |       |       |    28 |    14 ||    42
       Trident           |       |       |       |     6 ||     6
 Cast: Freeze            |    46 |    42 |    86 |    34 ||   208
       Frozen Ramparts   |       |     8 |    22 |    17 ||    47
       Ozocubu's Armour  |       |     4 |    19 |    13 ||    36
       Hailstorm         |       |       |     3 |     4 ||     7
       Searing Ray       |       |       |     6 |    21 ||    27
       Flame Wave        |       |       |       |     7 ||     7
 Abil: Hop               |     1 |       |     2 |     3 ||     6
Evoke: Wand              |       |       |       |     3 ||     3
  Use: Potion            |       |     3 |     5 |     1 ||     9
       Scroll            |       |       |     9 |     1 ||    10
 Stab: Sleeping          |       |     3 |     1 |     1 ||     5
       Distracted        |       |       |     1 |       ||     1
Armor: Robe              |     7 |    13 |       |       ||    20
       Leather armour    |       |       |    68 |    41 ||   109
Dodge: Dodged            |    31 |    38 |    99 |    84 ||   252
Block: Other             |       |       |    23 |    33 ||    56
       Reflection        |       |       |       |     2 ||     2

Table legend: (Time is in decaauts)
 A = Elapsed time spent in this place.
 B = Non-inter-level travel time spent in this place.
 C = Inter-level travel time spent in this place.
 D = Time resting spent in this place.
 E = Time spent auto-exploring this place.
 F = Levels seen in this place.
 G = Mean time per level.
                   A        B        C        D        E       F      G
               +--------+--------+--------+--------+--------+-----+--------+
         Total |  15300 |  14630 |    670 |   3194 |   9340 |  11 | 1390.9 |
       Dungeon |  14855 |  14278 |    577 |   3194 |   8999 |  10 | 1485.5 |
        Temple |    445 |    352 |     93 |      0 |    341 |   1 |  445.0 |
               +--------+--------+--------+--------+--------+-----+--------+

Top non-repeatable levels by time:
     D:8: 2619 daAuts
     D:9: 1919 daAuts
     D:3: 1897 daAuts
     D:4: 1884 daAuts
     D:2: 1687 daAuts
     D:1: 1588 daAuts
     D:6: 1302 daAuts
     D:5: 986 daAuts
    D:10: 945 daAuts
  Temple: 445 daAuts
     D:7: 24 daAuts
